Map: Lost and Found LE

Players

dvdseller

  • Race: Zerg Zerg
  • League: Gold
  • Spawn Location: 1:00

HIGUMA - Winner!

  • Race: Terran Terran
  • League: Platinum
  • Spawn Location: 7:00

VOD

Have the link to the VOD?

Description

Time

  • Played on: July 21, 2018, 1:41 a.m.
  • Length: 12:27
Show
View Real Time Build Order
Export as new Build Order

dvdseller Zerg 

Build Orders: Hatch First 

Get SALT Encoding   

  12  0:02  Drone  
  13  0:10  Drone  
  14  0:17  Overlord  
  14  0:35  Drone x3  
  17  0:54  Hatchery  
  16  1:01  Drone  
  17  1:12  Spawning Pool  
  17  1:15  Drone  
  17  1:19  Extractor  
  17  1:20  Drone  
  17  1:22  Drone  
  18  1:30  Drone  
  19  1:40  Overlord  
  19  2:00  Queen  
  21  2:06  Queen  
  23  2:11  Zergling x4  
  23  2:12  Zergling x2  
  26  2:15  Drone  
  27  2:22  Overlord  
  27  2:40  Metabolic Boost  
  27  2:42  Queen  
  29  2:48  Drone, Overlord  
  29  2:49  Drone x3  
  33  2:59  Baneling Nest  
  32  3:15  Extractor  
  32  3:19  Zergling x8  
  35  3:20  Zergling x8  
  39  3:28  Lair  
  39  4:19  Overlord  
  39  4:21  Drone x8, Roach Warren  
  39  4:22  Drone  
  47  4:30  Baneling x5  
  47  4:44  Drone x2  
  47  4:45  Drone x5  
  54  4:57  Centrifical Hooks  
  54  5:08  Evolution Chamber  
  51  5:41  Overseer  
  51  5:46  Spore Crawler  
  50  5:50  Spine Crawler  
  50  5:51  Spore Crawler  
  50  5:54  Spore Crawler  
  50  5:55  Glial Reconstitution  
  47  5:58  Zerg Ground Armor Level 1  
  47  6:06  Extractor  
  46  6:21  Overlord  
  46  6:22  Overlord x5  
  45  6:48  Roach x6  
  45  6:49  Roach x5  
  67  7:02  Overlord  
  67  7:03  Drone x2  
  67  7:04  Extractor  
  68  7:23  Drone x5  
  68  7:24  Drone  
  68  7:26  Hatchery  
  68  7:27  Zergling x6  
  76  7:52  Zerg Melee Weapons Level 1  
  76  7:59  Zergling x2  
  76  8:00  Zergling x14  
  76  8:01  Zergling x6  
  76  8:03  Baneling x4  
  76  8:04  Baneling x7  
  76  8:05  Baneling  
  87  8:09  Roach  
  87  8:12  Overlord  
  89  8:23  Infestation Pit  
  88  8:27  Drone x3  
  91  8:38  Drone x6  
  97  8:54  Hatchery  
  96  9:13  Overlord  
  96  9:14  Drone x4  
  96  9:15  Drone x2  
  96  9:16  Drone x7  
  109  9:21  Extractor  
  109  9:22  Extractor  
  107  9:25  Hive  
  107  9:30  Pathogen Glands  
  107  9:37  Roach x2  
  107  9:38  Roach  
  113  9:59  Zerg Ground Armor Level 2  
  113  10:02  Zergling x8  
  113  10:03  Zergling x4  
  113  10:04  Infestor  
  113  10:06  Overlord x2  
  121  10:07  Overlord x4  
  121  10:08  Overlord  
  121  10:24  Infestor x2  
  121  10:26  Zergling x14  
  121  10:27  Zergling x4  
  134  10:30  Overseer  
  134  10:58  Roach x4  
  134  10:59  Roach x7  
  134  11:00  Roach x7  
  134  11:01  Roach  
  70  11:57  Zergling x10  
  70  11:58  Zergling x14  
  70  11:59  Zergling x14  
  70  12:00  Zergling x4  
Show
View Real Time Build Order
Export as new Build Order

HIGUMA Terran - Winner!

Build Orders: Command Center First (CC) 

Get SALT Encoding   

  12  0:01  SCV  
  13  0:16  Supply Depot  
  13  0:18  SCV  
  14  0:30  SCV  
  15  0:43  SCV  
  16  0:55  SCV  
  17  1:03  Command Center  
  17  1:19  Barracks  
  17  1:21  SCV  
  18  1:30  Barracks  
  18  1:33  SCV  
  19  1:43  Barracks  
  19  1:48  SCV  
  19  1:53  Refinery  
  20  2:02  SCV, Refinery  
  21  2:10  Marine  
  22  2:19  Refinery  
  22  2:20  Orbital Command  
  22  2:38  Marine  
  22  2:41  Orbital Command  
  23  2:49  Refinery  
  23  2:51  Marine  
  24  2:54  Marine  
  24  2:58  SCV  
  26  3:01  Marine  
  27  3:08  SCV  
  27  3:10  SCV  
  29  3:21  SCV  
  29  3:22  Ghost Academy  
  30  3:28  SCV  
  31  3:35  Barracks Tech Lab  
  31  3:44  Barracks Tech Lab  
  31  3:49  Barracks Tech Lab  
  31  3:50  SCV x2  
  31  3:52  Personal Cloaking  
  33  4:02  SCV x2  
  35  4:05  Ghost  
  37  4:15  Ghost, SCV  
  40  4:18  Supply Depot  
  40  4:19  SCV  
  41  4:28  Ghost  
  43  4:37  Ghost  
  45  4:39  SCV  
  46  4:48  Supply Depot  
  46  4:49  SCV  
  46  4:50  Ghost  
  49  4:57  Ghost  
  51  5:03  SCV  
  52  5:08  SCV  
  53  5:15  SCV  
  54  5:28  Marauder x3, SCV  
  60  5:29  SCV  
  53  5:48  Supply Depot  
  53  5:57  Ghost  
  53  5:58  Marine x2  
  53  6:03  SCV x2  
  59  6:04  Factory  
  59  6:15  SCV  
  59  6:16  Marine  
  61  6:18  Factory  
  61  6:23  SCV  
  61  6:24  Engineering Bay  
  62  6:27  SCV  
  63  6:32  Supply Depot  
  63  6:35  SCV  
  63  6:39  SCV  
  65  6:56  Armory, SCV x2  
  65  6:58  Factory Reactor  
  65  7:00  Marine  
  65  7:01  Marine  
  70  7:08  SCV x2  
  70  7:13  Factory Reactor  
  71  7:23  Ghost  
  71  7:29  Armory  
  73  7:33  Supply Depot  
  73  7:36  Supply Depot  
  73  7:38  Combat Shields  
  73  7:43  Cyclone  
  76  7:50  Supply Depot  
  76  7:52  Supply Depot  
  76  7:55  Cyclone, Supply Depot  
  76  7:57  Cyclone x2  
  85  8:00  Terran Vehicle Weapons Level 1  
  85  8:06  Supply Depot  
  85  8:15  Cyclone  
  85  8:17  Marine x2  
  85  8:18  Supply Depot  
  90  8:23  Terran Vehicle And Ship Armor Level 1  
  93  8:27  Cyclone  
  93  8:29  Cyclone  
  93  8:30  Cyclone  
  93  8:31  SCV  
  100  8:44  Supply Depot  
  100  8:47  Cyclone  
  103  8:53  Supply Depot  
  103  8:59  Cyclone  
  103  9:01  Cyclone  
  103  9:02  Supply Depot  
  109  9:04  Cyclone  
  109  9:07  Supply Depot  
  112  9:19  Cyclone  
  112  9:21  SCV x2  
  117  9:27  Marine  
  117  9:31  Cyclone  
  121  9:33  SCV x2  
  121  9:34  Cyclone  
  121  9:37  Cyclone, Supply Depot  
  129  9:51  Hellion  
  131  10:03  Cyclone  
  131  10:06  Cyclone  
  137  10:08  Ghost x2  
  137  10:09  Cyclone  
  137  10:10  Marine  
  145  10:18  Cyclone  
  148  10:26  Supply Depot  
  148  10:28  Marine, Supply Depot  
  149  10:49  Hellion x3  
  155  10:50  Hellion  
  155  10:55  Nuke  
  157  11:15  Hellion x2  
  161  11:38  Cyclone x4  
Tags
 
Add a new tag
Caveats
  • Supply blocks, unpowered buildings, or Contaminate may cause inaccurate times.
  • Supply counts are checked every 10 seconds.